 Dungeon Crawl Stone Soup version 0.29-a0-911-g88e6f02907 (webtiles) character file.

Game seed: 8517716537840749363

17658 inmateoo the Grappler (level 12, -27/61 HPs)
             Began as a Vine Stalker Fighter on July 26, 2022.
             Was a High Priest of Cheibriados.
             Annihilated by a white ugly thing (33 damage)
             ... on level 13 of the Dungeon.
             The game lasted 00:12:40 (9664 turns).

inmateoo the Grappler (Vine Stalker Fighter)        Turns: 9664, Time: 00:12:41

Health: -27/61     AC:  8    Str: 39    XL:     12   Next: 50%
Magic:  0/21       EV: 15    Int: 24    God:    Cheibriados [*****.]
Gold:   618        SH: 12    Dex: 28    Spells: 2/21 levels left

rFire   . . .      SeeInvis .     - Unarmed
rCold   . . .      Faith    .   y - +0 kite shield
rNeg    . . .      Spirit   +   B - +0 troll leather armour
rPois   .          Reflect  .   v - +0 helmet
rElec   .          Harm     .   (no cloak)
rCorr   .          Rampage  .   o - +1 pair of gloves {Str+3}
Will    ++...                   (no boots)
Stlth   ++........              u - amulet of regeneration
HPRegen 2.60/turn               E - ring of wizardry
MPRegen 0.17/turn               b - ring of willpower

@: very slow
A: fangs 3, regeneration 1, magic shield, antimagic bite, no potion heal 2
a: Renounce Religion, Bend Time, Temporal Distortion, Slouch, Step From Time


You were on level 13 of the Dungeon.
You worshipped Cheibriados.
Cheibriados was extremely pleased with you.
You visited 2 branches of the dungeon, and saw 15 of its levels.

You collected 761 gold pieces.
You spent 143 gold pieces at shops.

Inventory:

Hand Weapons
 i - the +7 falchion of Internal Strife {freeze, Dex+6}
   (You found it on level 4 of the Dungeon)

   It freezes those it strikes, dealing additional cold damage.
   It can also slow down cold-blooded creatures.
   Dex:       It affects your dexterity (+6).
Missiles
 A - 4 throwing nets (quivered)
Armour
 h - a +1 chain mail
 o - a +1 pair of gloves of strength (worn)
 v - a +0 helmet (worn)
 y - a +0 kite shield (worn)
 B - a +0 troll leather armour (worn)
Jewellery
 b - a ring of willpower (right hand)
 k - a ring of fire
 u - an amulet of regeneration (around neck)
 E - a ring of wizardry (left hand)
Wands
 d - a wand of digging (1)
 j - a wand of polymorph (7)
 l - a wand of charming (10)
 r - a wand of roots (17)
 w - a wand of flame (3)
Scrolls
 m - a scroll of amnesia
 p - 6 scrolls of teleportation
 s - a scroll of identify
 x - 2 scrolls of blinking
 C - 2 scrolls of enchant weapon
 F - 2 scrolls of poison
Potions
 a - a potion of lignification
 c - 6 potions of might
 e - 4 potions of curing
 f - a potion of resistance
 g - 2 potions of flight
 n - 3 potions of brilliance
 q - a potion of berserk rage
 z - a potion of invisibility
Miscellaneous
 t - a phantom mirror


   Skills:
 + Level 6.2 Fighting
 - Level 3.0 Long Blades
 + Level 5.2 Armour
 + Level 5.2 Dodging
 + Level 5.3 Shields
 + Level 12.1 Unarmed Combat
 + Level 5.4 Spellcasting
 + Level 5.3 Summonings
 * Level 0.8 Transmutations
 + Level 5.2 Air Magic
 * Level 0.6 Earth Magic
 + Level 5.3 Invocations


You had 2 spell levels left.
You knew the following spells:

 Your Spells              Type           Power      Damage    Failure   Level
a - Statue Form           Tmut/Erth      6%         N/A       100%        6
b - Passwall              Tmut/Erth      8%         N/A       12%         2
c - Summon Lightning Spi  Summ/Air       31%        N/A       12%         4
d - Borgnjor's Vile Clut  Necr/Erth      4%         N/A       91%         5
e - Wereblood             Tmut           10%        N/A       11%         2

Your spell library contained the following spells:

 Spells                   Type           Power      Damage    Failure   Level
 Beastly Appendage        Tmut           20%        N/A       8%          1
 Sandblast                Erth           18%        2d7       9%          1
 Call Canine Familiar     Summ           31%        N/A       3%          3
 Airstrike                Air            15%        0-6+      12%         4
 Ignite Poison            Fire/Tmut/Pois 7%         N/A       26%         3
 Spider Form              Tmut/Pois      8%         N/A       26%         3
 Stone Arrow              Conj/Erth      16%        3d8       26%         3
 Conjure Flame            Conj/Fire      6%         6-21      28%         3
 Portal Projectile        Hex/Tloc       12%        N/A       28%         3
 Leda's Liquefaction      Hex/Erth       4%         N/A       61%         4
 Sticky Flame             Conj/Fire      6%         2d3       65%         4
 Lightning Bolt           Conj/Air       9%         1d22      65%         5
 Lee's Rapid Deconstruct  Erth           4%         3d6*      89%         5
 Alistair's Intoxication  Tmut/Pois      5%         N/A       90%         5
 Eringya's Noxious Bog    Tmut/Pois      4%         N/A       100%        6


Dungeon Overview and Level Annotations

Branches:
Dungeon (14/15)            Temple (1/1) D:4            Lair (0/5) D:10
    Orc (0/2) D:10
 Vaults: D:13-14

Altars:
Ashenzari
Cheibriados
Dithmenos
Elyvilon
Fedhas
Gozag
Hepliaklqana
Kikubaaqudgha
Nemelex Xobeh
Okawaru
Qazlal
Ru
Sif Muna
Trog
Uskayaw
Vehumet
Wu Jian
Xom
Yredelemnul
Zin
The Shining One

Shops:
D:7 (?::   D:14 (

Portals:
Abyss: D:12

Annotations:
D:9 exclusion: oklob plant
D:12 2 transporters, Megustar's ghost, journeyman DEFE


Innate Abilities, Weirdness & Mutations

You have razor-sharp teeth.
Your natural rate of healing is unusually fast.
When hurt, damage is shared between your health and your magic reserves.
Your bite disrupts and absorbs the magic of your enemies.
Potions cannot restore your health.


Message History

You see here a howler monkey corpse.
You closely miss the howler monkey.
The howler monkey hoots and howls with incredible vigour!
You block the howler monkey's attack.
You pummel the howler monkey!!
You kill the howler monkey!
Cheibriados thoroughly appreciates the change of pace.
The white ugly thing barely misses you. The white ugly thing gores you!
The white ugly thing freezes you!! The howler monkey hits you.
You punch the white ugly thing!
The white ugly thing is moderately wounded.
The white ugly thing closely misses you.
You block the howler monkey's attack.
You punch the white ugly thing! You bite the white ugly thing!
You drain its power.
You feel invigorated.
The white ugly thing is heavily wounded.
The white ugly thing gores you. The white ugly thing freezes you!!
You block the howler monkey's attack.
You are too injured to fight recklessly!
You are too injured to fight recklessly!
You are too injured to fight recklessly!
You are too injured to fight recklessly!
You punch the white ugly thing! You bite the white ugly thing.
You drain its power.
You feel invigorated.
The white ugly thing is severely wounded.
You block the howler monkey's attack. The white ugly thing misses you.
You barely miss the white ugly thing. Your bite misses the white ugly thing.
The white ugly thing is severely wounded.
You block the howler monkey's attack. The white ugly thing gores you!
The white ugly thing freezes you!
* * * LOW HITPOINT WARNING * * *
The howler monkey barely misses you.
You punch the white ugly thing!
You bite the white ugly thing, but do no damage.
The white ugly thing is severely wounded.
The white ugly thing gores you!
* * * LOW HITPOINT WARNING * * *
The white ugly thing freezes you!!
Ouch! That really hurt!
You die...

# # # .. # # ...
#####. .##. ....
.#.... ....# #....
....# #....## ##.<#
....# #...#u..#
....## ##.. #..@h#
.....####..# ##.†##
...........# ##.##
###.......#####...##
##.......#......#
#...................
#.......#...........
#.......###..........
##..##..##
##.....####


You could see a white ugly thing and a howler monkey.

Vanquished Creatures
  Harold (D:11)
  2 two-headed ogres
  Pikel (D:8)
  3 cyclopes
  2 ugly things
  9 centaur zombies (D:10)
  A komodo dragon (D:10)
  An unseen horror (D:11)
  A kobold demonologist (D:11)
  2 trolls
  Grinder (D:6)
  A meliai zombie (D:10)
  6 shadows
  6 vampires
  2 wyverns
  5 wraiths (D:10)
  8 yaks
  7 vampire mosquitoes
  Duvessa (D:6)
  An acid dragon (D:11)
  4 orc warriors
  5 ice beasts
  4 black bears
  3 ogres
  5 centaurs
  Blork the orc (D:6)
  3 phantoms
  A kobold brigand (D:9)
  2 scorpions (D:10)
  A bullfrog (D:9)
  A necrophage (D:6)
  2 troll zombies (D:10)
  Dowan (D:6)
  7 wights
  2 howler monkeys (D:13)
  7 jellies
  6 hounds
  An orc priest (D:4)
  2 gnoll boudas
  3 iguanas
  9 orc wizards
  6 ogre zombies (D:10)
  2 howler monkey zombies (D:10)
  10 gnolls
  3 adders (D:4)
  A shadow imp (D:7)
  A white imp (D:8)
  An ufetubus (D:6)
  2 worms
  6 dart slugs
  37 orcs
  21 endoplasms
  4 giant cockroaches
  7 goblins
  7 hobgoblins
  2 jackals (D:2)
  17 kobolds
  3 quokkas
  11 ball pythons
  3 bats
  3 frilled lizards
  2 goblin skeletons (D:10)
  5 goblin zombies (D:10)
  3 hobgoblin skeletons (D:10)
  2 hobgoblin zombies (D:10)
  3 orc skeletons (D:10)
  10 orc zombies (D:10)
  2 rats (D:1)
  A spectral hobgoblin (D:7)
306 creatures vanquished.

Vanquished Creatures (others)
  A human (D:10)
  15 fungi
  10 plants
  A withered plant (D:10)
27 creatures vanquished.

Grand Total: 333 creatures vanquished

Notes
Turn   | Place    | Note
-------+----------+-------------------------------------------
     0 | D:1      | inmateoo the Vine Stalker Fighter began the quest for the
                  | Orb.
     0 | D:1      | Reached XP level 1. HP: 11/11 MP: 2/2
   160 | D:1      | Found a faded altar of an unknown god.
   264 | D:1      | Reached XP level 2. HP: 12/16 MP: 3/3
   485 | D:1      | Reached skill level 3 in Unarmed Combat
  1039 | D:1      | Found a glowing silver altar of Zin.
  1231 | D:2      | Reached XP level 3. HP: 14/19 MP: 2/4
  1932 | D:3      | Reached skill level 4 in Unarmed Combat
  1953 | D:3      | Gained mutation: Your natural rate of healing is unusually
                  | fast. [Vine Stalker growth]
  1953 | D:3      | Reached XP level 4. HP: 16/23 MP: 3/5
  2357 | D:4      | Reached skill level 5 in Unarmed Combat
  2357 | D:4      | Reached XP level 5. HP: 9/27 MP: 2/6
  2449 | D:3      | Found a faded altar of an unknown god.
  2478 | D:3      | Found a white marble altar of Elyvilon.
  2744 | D:4      | Identified the +7 falchion of Internal Strife {freeze,
                  | Dex+6}
  2762 | D:4      | Noticed an ogre
  3016 | D:4      | Found a staircase to the Ecumenical Temple.
  3113 | D:4      | Reached skill level 6 in Unarmed Combat
  3114 | D:4      | Reached XP level 6. HP: 32/32 MP: 7/7
  3155 | D:4      | Found a broken altar of Ashenzari.
  3331 | D:5      | Entered Level 5 of the Dungeon
  3332 | D:5      | Found a bloodstained altar of Trog.
  3361 | D:5      | Noticed a black bear
  3386 | D:5      | Killed a black bear
  3387 | D:5      | Reached skill level 7 in Unarmed Combat
  3387 | D:5      | Reached XP level 7. HP: 14/35 MP: 2/8
  3532 | D:5      | Reached skill level 8 in Unarmed Combat
  3676 | D:5      | Found an ornate altar of the Wu Jian Council.
  3795 | D:5      | HP: 1/35 [ice beast (9)]
  4042 | D:4      | Reached skill level 9 in Unarmed Combat
  4042 | D:4      | Gained mutation: You have razor-sharp teeth. [Vine Stalker
                  | growth]
  4042 | D:4      | Reached XP level 8. HP: 29/39 MP: 9/9
  4045 | Temple   | Entered the Ecumenical Temple
  4115 | Temple   | Became a worshipper of Cheibriados the Contemplative
  4203 | D:6      | Noticed Dowan
  4205 | D:6      | Noticed Duvessa
  4215 | D:6      | Killed Duvessa
  4257 | D:6      | Killed Dowan
  4328 | D:6      | Noticed Grinder
  4338 | D:6      | Killed Grinder
  4339 | D:6      | Reached skill level 10 in Unarmed Combat
  4492 | D:6      | Learned a level 4 spell: Summon Lightning Spire
  4519 | D:6      | Reached skill level 1 in Dodging
  4519 | D:6      | Reached skill level 1 in Spellcasting
  4522 | D:6      | Reached skill level 1 in Long Blades
  4553 | D:6      | Reached * piety under Cheibriados
  4562 | D:6      | Reached skill level 1 in Summonings
  4562 | D:6      | Reached skill level 1 in Air Magic
  4562 | D:6      | Reached XP level 9. HP: 22/44 MP: 5/12
  4568 | D:6      | Noticed Blork the orc
  4577 | D:6      | Killed Blork the orc
  5022 | D:7      | Found a stormy altar of Qazlal.
  5040 | D:7      | Found Huiguq's Book Shop.
  5233 | D:7      | Found Nistam's Book Shoppe.
  5264 | D:7      | Found Zamyrchora's Antique Weapon Shop.
  5270 | D:7      | Found a blossoming altar of Fedhas.
  5596 | D:7      | Found a hazy altar of Hepliaklqana.
  5690 | D:7      | Found Riwig's Magic Scroll Boutique.
  5712 | D:7      | Reached ** piety under Cheibriados
  5721 | D:7      | Bought a scroll of identify for 26 gold pieces
  5721 | D:7      | Bought a scroll of identify for 26 gold pieces
  5721 | D:7      | Bought a scroll of teleportation for 39 gold pieces
  5721 | D:7      | Bought a scroll of identify for 26 gold pieces
  5721 | D:7      | Bought a scroll of identify for 26 gold pieces
  5976 | D:8      | Found a hide-covered altar of Uskayaw.
  6009 | D:8      | Identified the +4 trident of Fimbulwinter {holy, rElec}
  6080 | D:8      | Found a shimmering altar of Xom.
  6091 | D:8      | Noticed Pikel
  6111 | D:8      | Killed Pikel
  6112 | D:8      | Reached skill level 1 in Invocations
  6148 | D:8      | Found a glowing golden altar of the Shining One.
  6203 | D:8      | Reached XP level 10. HP: 49/49 MP: 14/16
  6215 | D:8      | Noticed a two-headed ogre
  6220 | D:8      | Killed a two-headed ogre
  6289 | D:8      | Found a radiant altar of Vehumet.
  6289 | D:8      | Found a sparkling altar of Nemelex Xobeh.
  6623 | D:9      | HP: 2/49 [orc priest/divine providence (11)]
  6628 | D:9      | HP: 3/73 [poisoned by a kobold]
  6975 | D:9      | Reached *** piety under Cheibriados
  7134 | D:9      | Found a glowing silver altar of Zin.
  7257 | D:9      | Found an opulent altar of Gozag.
  7356 | D:9      | Noticed an oklob plant
  7436 | D:10     | Entered Level 10 of the Dungeon
  7458 | D:10     | Reached skill level 5 in Spellcasting
  7497 | D:10     | Found a staircase to the Orcish Mines.
  7512 | D:10     | Reached XP level 11. HP: 33/54 MP: 13/19
  7516 | D:10     | Reached **** piety under Cheibriados
  7697 | D:10     | Reached ***** piety under Cheibriados
  7698 | D:10     | Reached skill level 5 in Fighting
  7763 | D:10     | Found an ancient bone altar of Kikubaaqudgha.
  7783 | D:10     | Reached skill level 11 in Unarmed Combat
  7795 | D:10     | Reached skill level 5 in Shields
  7857 | D:10     | Reached skill level 5 in Armour
  8098 | D:10     | Reached skill level 5 in Summonings
  8098 | D:10     | Reached skill level 5 in Air Magic
  8199 | D:10     | Found a staircase to the Lair.
  8212 | D:10     | Identified a scroll of acquirement
  8212 | D:10     | Acquired a +1 pair of gloves of strength
  8643 | D:11     | Reached skill level 5 in Invocations
  8643 | D:11     | Reached XP level 12. HP: 61/61 MP: 20/20
  8674 | D:11     | Noticed a two-headed ogre
  8680 | D:11     | Killed a two-headed ogre
  8681 | D:11     | Reached skill level 5 in Dodging
  8736 | D:11     | Noticed Harold
  8747 | D:11     | Killed Harold
  8748 | D:11     | Reached skill level 12 in Unarmed Combat
  9132 | D:12     | Found a transporter.
  9142 | D:12     | Found a one-way gate to the infinite horrors of the Abyss.
  9142 | D:12     | Noticed Megustar's ghost (journeyman DEFE)
  9155 | D:12     | Noticed a thrashing horror
  9164 | D:12     | Found a transporter.
  9179 | D:12     | You fall into a shaft and drop 2 floors!
  9190 | D:14     | Noticed an eight-headed hydra
  9304 | D:14     | Found Emiczef's Antique Weapon Boutique.
  9365 | D:12     | Learned a level 2 spell: Passwall
  9372 | D:12     | Learned a level 6 spell: Statue Form
  9378 | D:12     | Learned a level 5 spell: Borgnjor's Vile Clutch
  9381 | D:12     | Learned a level 2 spell: Wereblood
  9664 | D:13     | Annihilated by a white ugly thing

Illustrated notes

Levels and vault maps discovered:
D:1:      dpeg_arrival_water_altar, layout_basic,
          dreamdust_ecumenical_altar_angels_and_demons, item_on_display_a
D:2:      layout_loops_ring, kennysheep_generic_room_6
D:3:      layout_loops_ring, nicolae_overflow_ecumenical_swirl
D:4:      minmay_door_path, layout_basic, mainiacjoe_overflow_alcove_4,
          minmay_temple_entry_from_below_a
D:5:      layout_basic, trog_three_pillars_becter, nzn_wu_jian_council_hall
D:6:      layout_loops_ring, uniq_blork_the_orc, uniq_grinder, uniq_duvessa
D:7:      layout_basic, nicolae_hepliaklqana_monster_ancestors, fedhas_altar_3,
          grunt_qazlal_clouds, serial_curves, eino_curves_03, eino_curves_02,
          serial_shops, shop, shop, nicolae_take_the_stairs, shop
D:8:      layout_basic, kennysheep_little_box, lemuel_tele_altar,
          mainiacjoe_overflow_concentric_impassable,
          nicolae_overflow_two_pavilions, chequers_serial_rivers_room_b,
          uniq_pikel
D:9:      lemuel_slime, layout_long_grid,
          pdpol_temple_overflow_zin_treasury_gozag_greed
D:10:     layout_loops_ring, tgw_kikubaaqudgha, grunt_lair_entry_orc_guard_hut,
          zombieorc2_lemuel, serial_undead, serial_undead_d, serial_undead_f,
          serial_undead_a, serial_undead_a, serial_undead_a, serial_undead_e
D:11:     layout_basic, uniq_harold
D:12:     layout_basic, gammafunk_ghost_abyssal_escape
D:13:     layout_layer_cave, david_vaults_1, serial_bayou_crossing
D:14:     minmay_tri_stars, layout_basic, serial_shops,
          nicolae_inconvenience_store, shop, shop, uniq_snorg
Temple:   nicolae_temple_bog_church

Skill      XL: |  1  2  3  4  5  6  7  8  9 10 11 12 |
---------------+-------------------------------------+-----
Unarmed Combat | 3 4 5 6 7 9 10 11 12 | 12.1
Fighting       | 3 4 6 |  6.2
Shields        | 3 4 5 |  5.3
Dodging        | 1 2 3 4 5 |  5.2
Spellcasting   | 1 3 5 |  5.4
Long Blades    | 1 2 3 |  3.0
Summonings     | 1 2 3 5 |  5.3
Air Magic      | 1 2 3 5 |  5.2
Armour         | 3 4 5 |  5.2
Invocations    | 1 3 5 |  5.3
Transmutations | |  0.8
Earth Magic    | |  0.6

Action                   |  1- 3 |  4- 6 |  7- 9 | 10-12 || total
-------------------------+-------+-------+-------+-------++-------
Melee: Unarmed           |   135 |    87 |   151 |   478 ||   851
       Bite              |    33 |    37 |    81 |   188 ||   339
       Falchion          |       |    40 |    64 |       ||   104
Evoke: Wand              |       |       |       |     5 ||     5
  Use: Scroll            |     6 |     2 |     9 |     8 ||    25
       Potion            |       |       |     3 |     1 ||     4
Armor: Scale mail        |    23 |       |       |       ||    23
       Chain mail        |    35 |    66 |    90 |   200 ||   391
       Skin              |       |       |     2 |     1 ||     3
       Troll leather arm |       |       |       |     4 ||     4
Dodge: Dodged            |    48 |    48 |    63 |   252 ||   411
Block: Buckler           |    19 |    26 |    64 |   119 ||   228
       Kite shield       |       |       |       |    64 ||    64

Table legend: (Time is in decaauts)
 A = Elapsed time spent in this place.
 B = Non-inter-level travel time spent in this place.
 C = Inter-level travel time spent in this place.
 D = Time resting spent in this place.
 E = Time spent auto-exploring this place.
 F = Levels seen in this place.
 G = Mean time per level.
                   A        B        C        D        E       F      G
               +--------+--------+--------+--------+--------+-----+--------+
         Total |  12283 |  11686 |    597 |   1028 |   8030 |  15 |  818.9 |
       Dungeon |  12191 |  11610 |    581 |   1028 |   7967 |  14 |  870.8 |
        Temple |     92 |     76 |     16 |      0 |     62 |   1 |   92.0 |
               +--------+--------+--------+--------+--------+-----+--------+

Top non-repeatable levels by time:
    D:10: 1412 daAuts
     D:7: 1239 daAuts
     D:9: 1130 daAuts
    D:11: 1128 daAuts
     D:1: 1127 daAuts
     D:6: 1002 daAuts
     D:8: 918 daAuts
     D:4: 858 daAuts
     D:5: 768 daAuts
     D:2: 759 daAuts
    D:12: 735 daAuts
     D:3: 679 daAuts
    D:14: 242 daAuts
    D:13: 187 daAuts
  Temple: 92 daAuts
